AoeStats
← Clay001

Pilgrims

508651666Analyzed
2v2 RM · 9d ago on Sep 23, 2026· 54m 53s· 4 players
Game mode
Random Map
Map size
Medium (4 player)
Population
200
Speed
Normal
Resources
Standard
Victory
Conquest
Starting age
Dark Age
Ending age
Imperial Age
RankedLock teamsTeams togetherTeam positionsShared explorationLock speedFull tech treeHidden civsTurbo modeCheats
Victory
Defeat
🇨🇳 Khmer · China
1118
+17
🇵🇱 Varangians · Poland
1053
+21
🇨🇳 Sicilians · China
1141
-19
🇨🇳 Byzantines · China
1140
-19
神采飞扬
4:11 Loom
12:36 Feudal Age
15:22 Double-Bit Axe
17:41 Castle Age
18:40 Fishing Lines
19:52 Medium Warships
20:13 Bloodlines
20:27 Husbandry
22:44 Wheelbarrow
22:18 Gillnets
23:01 Fervor
24:15 Gold Mining
24:16 Stone Mining
30:05 Devotion
33:18 Gold Shaft Mining
32:33 Stone Mining
33:38 Bow Saw
33:24 Horse Collar
34:47 Sanctity
34:34 Town Watch
35:34 Hand Cart
36:06 Tusk Swords
38:13 Scale Barding Armor
41:10 Chain Barding Armor
41:24 Heavy Plow
42:35 Forging
43:56 Iron Casting
45:11 Fletching
48:14 Imperial Age
53:35 Imperial Age
55:48 Plate Barding Armor
Kobas394
4:56 Loom
5:06 Loom
11:17 Feudal Age
12:02 Double-Bit Axe
12:29 Fishing Lines
20:33 Castle Age
22:05 Wheelbarrow
21:27 Gillnets
21:48 Medium Warships
22:28 Bloodlines
23:07 Forging
24:07 Wheelbarrow
23:38 Scale Mail Armor
25:10 Squires
24:55 Arson
26:00 Iron Casting
26:23 Horse Collar
27:30 Bow Saw
28:00 Stone Mining
30:08 Chain Mail Armor
30:26 Gold Mining
32:45 Stone Shaft Mining
32:28 Gambesons
34:04 Heavy Plow
36:35 Scale Barding Armor
36:58 Husbandry
39:10 Chain Barding Armor
40:22 Caravan
41:42 Hand Cart
47:08 Imperial Age
45:17 Fletching
47:41 Gothikon
49:24 Blast Furnace
48:55 Plate Mail Armor
49:08 Crop Rotation
49:12 Elite Jarl
50:14 Conscription
53:24 Heavy Warships
Rubi2007
11:02 Feudal Age
12:46 Double-Bit Axe
17:48 Castle Age
15:58 Horse Collar
17:33 Scale Barding Armor
17:47 Loom
18:18 Bloodlines
18:43 Bow Saw
20:24 Husbandry
23:13 Fishing Lines
24:02 Chain Barding Armor
27:51 Fletching
28:26 Gold Mining
29:12 Wheelbarrow
28:56 Stone Mining
32:01 Bodkin Arrow
33:23 Gold Shaft Mining
35:03 Hand Cart
34:34 Town Watch
38:26 Imperial Age
36:42 Scale Mail Armor
37:09 Ballistics
37:34 Masonry
37:35 Pikeman
38:43 Squires
38:45 Murder Holes
39:27 Chain Mail Armor
39:30 Halberdier
41:36 Plate Mail Armor
41:17 Forging
42:05 Bracer
44:20 Iron Casting
48:33 Blast Furnace
48:57 Man-at-Arms
49:24 Gambesons
49:26 Arson
49:53 Long Swordsman
50:37 Two-Handed Swordsman
Clay001
6:38 Loom
12:07 Feudal Age
13:05 Double-Bit Axe
17:18 Castle Age
16:34 Horse Collar
16:51 Fletching
24:38 Stone Mining
24:44 Gold Mining
27:22 Heavy Plow
29:50 Gold Shaft Mining
30:07 Forging
29:58 Scale Mail Armor
30:05 Scale Barding Armor
30:38 Wheelbarrow
31:44 Iron Casting
32:23 Hand Cart
33:29 Chain Barding Armor
38:35 Imperial Age
38:32 Ballistics
38:09 Murder Holes
39:01 Bodkin Arrow
39:10 Padded Archer Armor
41:43 Conscription
47:35 Bow Saw
52:51 Crop Rotation
Connection lost

Rejoining the realm…

Still unreachable

The connection could not be restored.

Session expired

The server has moved on; the page needs a fresh start.